 Dungeon Crawl Stone Soup version 0.23-a0-395-gcf17ac6 (webtiles) character file.

30 Azzok the Firebug (level 3, 24/24 HPs)
             Began as a Demonspawn Fire Elementalist on Nov 1, 2018.
             Quit the game on level 1 of the Dungeon.
             The game lasted 00:01:21 (1124 turns).

Azzok the Firebug (Demonspawn Fire Elementalist)    Turns: 1124, Time: 00:01:22

Health: 24/24      AC:  4    Str:  8    XL:     3   Next: 3%
Magic:  4/6        EV: 12    Int: 17    God:
Gold:   7          SH:  0    Dex: 13    Spells: 5/6 levels left

rFire    . . .     SeeInvis .   g - +0 short sword
rCold    . . .     Gourm    .   (no shield)
rNeg     . . .     Faith    .   a - +0 robe
rPois    .         Spirit   .   (no helmet)
rElec    .         Reflect  .   (no cloak)
rCorr    .         Harm     .   (no gloves)
MR       .....                  h - +0 pair of boots
Stlth    ++........             (no amulet)
HPRegen  0.08/turn              (no ring)
MPRegen  0.10/turn              (no ring)

@: no status effects
A: rugged brown scales 1, rot immunity
a: no special abilities


You were on level 1 of the Dungeon.
You were not hungry.

You visited 1 branch of the dungeon, and saw 1 of its levels.

You collected 7 gold pieces.

Inventory:

Hand Weapons
 g - a +0 short sword (weapon)
Armour
 a - a +0 robe (worn)
 h - a +0 pair of boots (worn)
Scrolls
 b - a scroll of teleportation {unknown}
 e - a scroll of blinking {unknown}
 f - 2 scrolls of identify {unknown}
 i - a scroll of amnesia {unknown}
 j - a scroll of remove curse {unknown}
Potions
 k - a potion of haste {unknown}
Comestibles
 c - a ration
 d - 2 chunks of flesh


   Skills:
 - Level 1.7 Dodging
 - Level 1.7 Stealth
 - Level 2.0 Spellcasting
 + Level 2.2 Conjurations
 + Level 3.3 Fire Magic


You had 5 spell levels left.
You knew the following spells:

 Your Spells              Type           Power        Failure   Level  Hunger
a - Flame Tongue          Conj/Fire      ##...        6%          1    #......

Your spell library contained the following spells:

 Spells                   Type           Power        Failure   Level  Hunger
 Throw Flame              Conj/Fire      ##....       10%         2    ###....
 Conjure Flame            Conj/Fire      ##......     19%         3    ###....
 Inner Flame              Hex/Fire       #.......     30%         3    ###....
 Sticky Flame             Conj/Fire      ##......     52%         4    #####..
 Fireball                 Conj/Fire      ##........   86%         5    ######.


Dungeon Overview and Level Annotations

Branches:
Dungeon (1/15)

Altars:


Innate Abilities, Weirdness & Mutations

You are partially covered in rugged brown scales. (AC +1, +3% HP)
You are immune to rotting.


Message History

k - a fuming red potion
Found 7 stones.
Found a stone staircase leading down.
A leopard gecko comes into view.
A goblin comes into view. It is wielding a +0 dagger.
A bat, a goblin, a hobgoblin and a kobold come into view.
The hobgoblin shouts!
The kobold shouts!
The leopard gecko hisses angrily.
You hear an angry hiss.
Casting: Flame Tongue (safe; 7% risk of failure)
Confirm with . or Enter, or press ? or * to list all spells.
Aiming: Flame Tongue (safe; 7% risk of failure)
Press: ? - help, Shift-Dir - straight line, f - leopard gecko
Aim: a leopard gecko (clinging)
The flame tongue hits the leopard gecko.
You kill the leopard gecko!
You have reached level 3!
Your experience leads to an increase in your attributes!
Increase (S)trength, (I)ntelligence, or (D)exterity?
You feel clever.
Your demonic ancestry asserts itself...
You feel immune to rotting.
Are you sure you want to abandon this character and quit the game? (Confirm

···▒ ▒·····▒
···▒ ▒·····▒
···▒ ▒▒▒·····▒
···▒ ▒········▒
▒ ▒▒▒▒
▒········▒ g▒
▒········▒ b·
▒········╬ ·▒
▒····▒·▒·▒·▒▒
▒·······@···▒
▒····▒·▒!▒·▒·▒
·····(>···g·
····▒·▒†▒·▒···
▒▒▒·········▒▒·
▒·▒ ▒g▒ ▒·▒ ▒·
··· ·▒ ▒ ▒·▒ ▒


You could see a hobgoblin, 2 goblins and a bat (sleeping).

Vanquished Creatures
  2 leopard geckos (D:1)
  4 giant cockroaches (D:1)
  2 goblins (D:1)
  4 hobgoblins (D:1)
  2 jackals (D:1)
  2 kobolds (D:1)
  A ball python (D:1)
  A bat (D:1)
  A frilled lizard (D:1)
  6 rats (D:1)
25 creatures vanquished.

Notes
Turn   | Place    | Note
-------+----------+-------------------------------------------
     0 | D:1      | Azzok the Demonspawn Fire Elementalist began the quest for
                  | the Orb.
     0 | D:1      | Reached XP level 1. HP: 13/13 MP: 3/3
   332 | D:1      | Reached skill level 3 in Fire Magic
   368 | D:1      | Gained mutation: You are partially covered in rugged brown
                  | scales. (AC +1, +3% HP) [demonic ancestry]
   368 | D:1      | Reached XP level 2. HP: 13/19 MP: 3/5
  1123 | D:1      | Gained mutation: You are immune to rotting. [demonic
                  | ancestry]
  1123 | D:1      | Reached XP level 3. HP: 24/24 MP: 4/6
  1124 | D:1      | Quit the game

Vault maps used:
D:1:      onia_arrival_larder, st_stairs_12

Skill      XL: |  1  2 |
---------------+-------+-----
Fire Magic     | 3 |  3.3
Conjurations   | 2 |  2.2
Dodging        | |  1.7
Stealth        | |  1.7
Spellcasting   | |  2.0

Action                   || total
-------------------------++-------
Melee: Short sword       ||    22
       Unarmed           ||     1
 Cast: Flame Tongue      ||    39
  Eat: Chunk             ||     1
Armor: Robe              ||     9
Dodge: Dodged            ||    26

Table legend:
 A = Non-vault XP
 B = Vault XP
 C = Vault XP percentage of total XP
 D = Non-vault monster count
 E = Vault monster count
 F = Vault count percentage of total count
                 A         B        C        D         E       F
            +---------+---------+-------+---------+---------+-------
      Total |      34 |       9 |  20.9 |      18 |       7 |  28.0
            +---------+---------+-------+---------+---------+-------
        D:1 |      34 |       9 |  20.9 |      18 |       7 |  28.0
            +---------+---------+-------+---------+---------+-------
